 Dungeon Crawl Stone Soup version 0.19-a0-1291-gc8f5409 (webtiles) character file.

2814 PurpleRed the Destroyer (level 9, -14/45 HPs)
             Began as a Deep Elf Conjurer on Aug 30, 2016.
             Was an Initiate of Vehumet.
             Demolished by a white ugly thing (22 damage)
             ... on level 10 of the Dungeon.
             The game lasted 00:23:58 (2051 turns).

PurpleRed the Destroyer (Deep Elf Conjurer)         Turns: 2051, Time: 00:23:58

Health: -14/45     AC: 11    Str:  5    XL:     9   Next: 44%
Magic:  9/24       EV: 13    Int: 24    God:    Vehumet [......]
Gold:   128        SH:  0    Dex: 15    Spells: 4 memorised, 15 levels left

rFire  . . .     SeeInvis .     p - +1 dagger (protect)
rCold  . . .     Gourm    .     a - +0 robe
rNeg   . . .     Faith    .     (no shield)
rPois  .         Spirit   .     q - +1 helmet
rElec  .         Dismiss  .     x - +1 cloak
rCorr  .         Reflect  .     (no gloves)
MR     .....     Harm     .     (no boots)
Stlth  +.........               g - amulet of regeneration
                                (no ring)
                                h - ring of loudness

@: no status effects
A: no striking features
a: Renounce Religion


You were on level 10 of the Dungeon.
You worshipped Vehumet.
Vehumet was noncommittal.
You were very hungry.

You visited 2 branches of the dungeon, and saw 12 of its levels.

You collected 212 gold pieces.
You spent 84 gold pieces at shops.

Inventory:

Hand Weapons
 i - a +0 dagger
 l - a +1 whip of flaming
 p - a +1 dagger of protection (weapon)
Armour
 a - a +0 robe (worn)
 q - a +1 helmet (worn)
 x - a +1 cloak (worn)
Magical Staves
 y - an uncursed staff of death
Jewellery
 g - an amulet of regeneration (around neck)
 h - a ring of loudness (left hand)
Wands
 d - a wand of paralysis (19/24)
 u - a wand of acid (2/15)
Scrolls
 j - a scroll of enchant armour
 t - 2 scrolls of remove curse
 v - a scroll of fear
 w - a scroll of teleportation
Potions
 e - a potion of heal wounds
 f - a potion of magic
 k - a potion of brilliance
 n - a potion of curing
 o - a potion of haste
 r - a potion of mutation {unknown}
 s - a potion of berserk rage {unknown}
 z - a potion of invisibility {unknown}
Books
 b - a book of Conjurations

   Spells                             Type                      Level
   a - Magic Dart                     Conjuration                  1
   b - Searing Ray                    Conjuration                  2
   c - Dazzling Spray                 Conjuration/Hexes            3
   d - Fulminant Prism                Conjuration/Hexes            4
   e - Iskenderun's Mystic Blast      Conjuration                  4
   f - Iskenderun's Battlesphere      Conjuration/Charms           5
Comestibles
 c - 3 bread rations
 m - a meat ration


   Skills:
 - Level 2.4 Dodging
 - Level 2.4 Stealth
 * Level 9.9 Spellcasting
 * Level 11.1 Conjurations
 - Level 7.5 Charms


You had 15 spell levels left.
You knew the following spells:

 Your Spells              Type           Power        Failure   Level  Hunger
a - Magic Dart            Conj           ####         1%          1    None
b - Searing Ray           Conj           ######       1%          2    None
c - Iskenderun's Mystic   Conj           ######..     1%          4    #......
d - Iskenderun's Battles  Conj/Chrm      ######..     3%          5    ####...


Dungeon Overview and Level Annotations

Branches:
Dungeon (11/15)            Temple (1/1) D:6
   Lair: D:8-11         Orc: D:9-12

Altars:
Ashenzari
Cheibriados
Dithmenos
Elyvilon
Fedhas
Gozag
Hepliaklqana
Kikubaaqudgha
Makhleb
Okawaru
Qazlal
Ru
Sif Muna
Trog
Uskayaw
Vehumet
Xom
Yredelemnul
Zin
The Shining One

Shops:
D:7 ?

Annotations:
D:7 exclusion: oklob plant
D:8 Maurice


Message History

The barrage of energy hits the white ugly thing.
The white ugly thing is moderately wounded.
Your battlesphere expends the last of its energy and dissipates.
You see here 14 arrows.
The white ugly thing completely misses you.
There is an open door here.
There is a stone staircase leading up here.
The white ugly thing barely misses you.
You climb upwards.
There is a stone staircase leading down here.
The white ugly thing barely misses you.
The white ugly thing headbutts you but does no damage.
You are feeling very hungry.
The white ugly thing headbutts you. The white ugly thing freezes you!!
Ouch! That really hurt!
* * * LOW HITPOINT WARNING * * *
The white ugly thing headbutts you.
* * * LOW HITPOINT WARNING * * *
The white ugly thing freezes you!!
You die...

##.## #...
#..#####.##
#..†......#
#.#.######
###.#..#
#...#..##
#..u#...#
#..@#...#
#####.#..>#
#.....#####
#.#####.#
####.......#
#........#.#
#........#.#
#.....####.#
#.##.......#


You could see a white ugly thing.

Vanquished Creatures
  Pikel (D:6)
  A troll (D:8)
  Sigmund (D:6)
  A yak (D:11)
  A sky beast (D:6)
  Duvessa (D:7)
  A phantom (D:8)
  3 ogres
  A wolf (D:9)
  3 giant frogs
  Dowan (D:7)
  3 scorpions
  6 killer bees (D:8)
  An electric eel (D:6)
  A giant frog zombie (D:6)
  2 orc wizards
  2 orc priests
  4 hounds
  3 worker ants
  A hound skeleton (D:6)
  7 gnolls
  5 adders
  An adder zombie (D:6)
  2 dart slugs (D:1)
  4 orcs
  2 giant cockroaches
  4 goblins
  6 hobgoblins
  9 jackals
  6 kobolds
  2 quokkas
  2 bats
  3 giant newts
  2 rats (D:1)
  A plant (D:6)
94 creatures vanquished.

Vanquished Creatures (others)
  A giant frog (D:6)
1 creature vanquished.

Grand Total: 95 creatures vanquished

Notes
Turn   | Place    | Note
-------+----------+-------------------------------------------
     0 | D:1      | PurpleRed the Deep Elf Conjurer began the quest for the Orb.
     0 | D:1      | Reached XP level 1. HP: 10/10 MP: 6/6
    88 | D:1      | Reached XP level 2. HP: 15/15 MP: 1/8
    92 | D:1      | Learned a level 2 spell: Searing Ray
   175 | D:1      | Reached skill level 5 in Conjurations
   278 | D:2      | Reached XP level 3. HP: 19/19 MP: 3/10
   416 | D:3      | Reached XP level 4. HP: 24/24 MP: 3/12
   461 | D:3      | Reached skill level 6 in Conjurations
   570 | D:5      | Entered Level 5 of the Dungeon
   599 | D:5      | Reached XP level 5. HP: 28/28 MP: 10/14
   607 | D:5      | Learned a level 4 spell: Iskenderun's Mystic Blast
   613 | D:5      | Learned a level 5 spell: Iskenderun's Battlesphere
   687 | D:4      | Reached skill level 1 in Charms
   742 | D:5      | Reached skill level 5 in Spellcasting
   772 | D:6      | Noticed a sky beast
   819 | D:6      | HP: 1/28 [something (5)]
   837 | D:6      | Killed a sky beast
   837 | D:6      | Reached skill level 7 in Conjurations
   837 | D:6      | Reached XP level 6. HP: 11/32 MP: 3/16
   966 | D:7      | Found Iddeitad's Magic Scroll Boutique.
   984 | D:7      | Found a shattered altar of Ashenzari.
   985 | D:7      | Noticed an oklob plant
  1015 | D:7      | Bought a scroll of fear for 42 gold pieces
  1015 | D:7      | Bought a scroll of magic mapping for 42 gold pieces
  1051 | D:6      | Reached XP level 7. HP: 24/36 MP: 9/17
  1118 | D:6      | Noticed Sigmund
  1119 | D:6      | Noticed Pikel
  1130 | D:6      | Killed Sigmund
  1130 | D:6      | Reached skill level 8 in Conjurations
  1177 | D:6      | Killed Pikel
  1177 | D:6      | Reached skill level 9 in Conjurations
  1177 | D:6      | Reached XP level 8. HP: 41/41 MP: 1/20
  1336 | D:6      | Found a staircase to the Ecumenical Temple.
  1394 | Temple   | Entered the Ecumenical Temple
  1461 | Temple   | Became a worshipper of Vehumet
  1497 | D:7      | Noticed Duvessa
  1499 | D:7      | Noticed Dowan
  1501 | D:7      | Killed Duvessa
  1504 | D:7      | Killed Dowan
  1547 | D:8      | Reached skill level 10 in Conjurations
  1727 | D:9      | Reached XP level 9. HP: 45/45 MP: 13/23
  1827 | D:8      | Noticed a troll
  1833 | D:8      | Killed a troll
  1847 | D:8      | Noticed Maurice
  1862 | D:10     | Entered Level 10 of the Dungeon
  1994 | D:11     | Reached skill level 11 in Conjurations
  2024 | D:11     | Noticed a white ugly thing
  2051 | D:10     | Demolished by a white ugly thing

Vault maps used:
D:1:      nicolae_arrival_washed_ashore
D:2:      uniq_natasha
D:3:      serial_bayou_crossing
D:5:      minmay_thick_lines, first_bread, uniq_eustachio
D:6:      wad_woods_pond, uniq_pikel, uniq_sigmund
D:7:      serial_shops, nicolae_shop_waterfront, grunt_livestock,
          lemuel_oklob_altar, uniq_duvessa
D:8:      erik_lair_island, kennysheep_generic_room_13, uniq_maurice
D:9:      columned_hall_lemuel, corexii_checkpoint_b
D:10:     erik_cavepeople
D:11:     orc_0_dummy
Temple:   regret_index_temple_sigil_plot

Skill      XL: |  1  2  3  4  5  6  7  8  9 |
---------------+----------------------------+-----
Conjurations   | 5 6 7 9 10 11 | 11.1
Spellcasting   | 4 5 7 8 9 |  9.9
Charms         | 3 4 6 7 |  7.5
Dodging        | |  2.4
Stealth        | |  2.4

Action                   |  1- 3 |  4- 6 |  7- 9 || total
-------------------------+-------+-------+-------++-------
Melee: Dagger            |    70 |    91 |    41 ||   202
       Whip              |       |       |    51 ||    51
 Cast: Magic Dart        |    29 |    16 |    45 ||    90
       Searing Ray       |     3 |    13 |    17 ||    33
       Iskenderun's Batt |       |     1 |     8 ||     9
       Iskenderun's Myst |       |       |     2 ||     2
  Use: Scroll            |       |    11 |     4 ||    15
 Stab: Sleeping          |       |     1 |     1 ||     2
  Eat: Chunk             |       |     1 |     3 ||     4
       Pizza             |       |       |     1 ||     1
Armor: Robe              |    20 |    45 |    29 ||    94
Dodge: Dodged            |    89 |    90 |    83 ||   262
